Description

Game 1 vs Reynor at WESG where Maru does a pre 5min 16marine drop.

Disclaimer: Mostly uploaded for own testing purposes, results may vary :)

Replay - Maru v Reynor: Game 1 - Blackpink LE

Build Order

Get SALT Encoding   

  12  0:00  SCV  
  13  0:13  SCV  
  14  0:17  Supply Depot  
  14  0:25  SCV  
  15  0:38  SCV  
  15  0:40  Barracks  
  16  0:44  Refinery  
  16  0:50  SCV  
  17  1:02  SCV  
  18  1:15  SCV  
  19  1:27  Orbital Command  
  19  1:28  Reaper  
  20  1:38  Command Center  
  20  1:49  Barracks  
  20  1:52  SCV  
  21  1:59  Supply Depot  
  21  2:02  Barracks Reactor  
  21  2:06  SCV  
  22  2:10  Refinery  
  22  2:18  SCV  
  22  2:22  Factory  
  24  2:38  Barracks Tech Lab  
  24  2:41  Marine x2  
  27  2:50  Orbital Command  
  27  2:57  Marine x3, Stimpack  
  32  3:13  Starport  
  33  3:20  Marine x3  
  33  3:23  Factory Reactor  
  37  3:31  Supply Depot  
  38  3:40  Marine x2  
  43  3:55  Supply Depot  
  46  4:03  Medivac x2  
  53  4:12  Engineering Bay  
  53  4:19  Engineering Bay  
  53  4:21  Supply Depot  
  62  4:46  Terran Infantry Armor Level 1, Terran Infantry Weapons Level 1  
  64  4:57  Combat Shields  
  64  4:58  Command Center  
  67  5:09  Widow Mine  
  70  5:15  Medivac  
  67  5:37  Barracks x3  
  67  5:38  Medivac  
  71  5:46  Factory Reactor  
  72  5:50  Refinery x2  
  74  6:03  Armory  
  78  6:20  Orbital Command  
  72  6:25  Barracks Reactor x3  
  74  6:38  Medivac x2  
  77  6:40  Factory Tech Lab  
  82  7:00  Widow Mine  
  83  7:02  Orbital Command  
  83  7:08  Medivac  
  91  7:21  Terran Infantry Weapons Level 2  
  91  7:22  Widow Mine  
  104  7:40  Terran Infantry Armor Level 2  
  106  7:50  Siege Tank  
  121  8:13  Factory  
  123  8:25  Siege Tank  
  127  8:28  Medivac x2  
  131  8:41  Refinery x2  
  143  8:50  Terran Vehicle Weapons Level 1  
  144  8:58  Factory Tech Lab, Medivac  
  147  9:07  Siege Tank  
  150  9:15  Liberator x2  
  152  9:18  Command Center  
  153  9:29  Siege Tank  
  165  9:43  Terran Infantry Weapons Level 3  
  161  9:52  Siege Tank  
Spawning Tool Build Advisor. Get it on Overwolf

Go to:

Details

  • Created by: Mithriel
  • Published on: Mar 19, 2018
  • Modified on: Mar 26, 2018
  • Patch: 4.0.0
Show
View Real Time Build Order
Export as new Build Order

Comments (0)

There are no comments. Be the first!

Create an account to comment!